 Dungeon Crawl Stone Soup version 0.30-a0-347-gf58ed5266c (webtiles) character file.

Game seed: 3094691944872764618

280 purpskrrrp the Ruffian (level 6, -2/59 HPs)
             Began as a Troll Fighter on Nov 5, 2022.
             Slain by a lemure (4 damage)
             ... led by Pikel
             ... on level 4 of the Dungeon.
             The game lasted 00:02:44 (1945 turns).

purpskrrrp the Ruffian (Troll Fighter)              Turns: 1945, Time: 00:02:44

Health: -2/59      AC:  4    Str: 27    XL:     6   Next: 5%
Magic:  5/5        EV:  8    Int:  4    God:
Gold:   138        SH:  7    Dex:  9    Spells: 5/5 levels left

rFire   . . .      SeeInvis .      - Unarmed
rCold   . . .      Faith    .    b - +0 kite shield
rNeg    . . .      Spirit   .    a - +0 robe
rPois   .          Reflect  .    (helmet restricted)
rElec   .          Harm     .    (no cloak)
rCorr   .          Rampage  .    (gloves unavailable)
Will    .....                    (boots unavailable)
Stlth   ..........               (no amulet)
HPRegen 1.09/turn                (no ring)
MPRegen 0.09/turn                (no ring)

@: silenced
A: large, unfitting armour, claws 3, regeneration 1, shaggy fur 1, tough skin 1
a: no special abilities


You were on level 4 of the Dungeon.
You visited 1 branch of the dungeon, and saw 4 of its levels.

You collected 138 gold pieces.

Inventory:

Armour
 a - a +0 robe (worn)
 b - a +0 kite shield (worn)
Jewellery
 i - a ring of magical power
Wands
 m - a wand of paralysis (7)
Scrolls
 d - a scroll of fear
 e - a scroll of summoning
 f - a scroll of noise
 n - a scroll of vulnerability {unknown}
 p - a scroll of poison {unknown}
Potions
 c - 6 potions of might
 h - a potion of cancellation {unknown}
 k - 2 potions of flight
 l - a potion of curing {unknown}
 o - a potion of berserk rage {unknown}


   Skills:
 - Level 2.4 Fighting
 - Level 2.4 Dodging
 - Level 2.6 Shields
 + Level 6.4 Unarmed Combat


You had 5 spell levels left.
You didn't know any spells.
Your spell library contained the following spells:

 Spells                   Type           Power      Damage    Failure   Level
 Ensorcelled Hibernation  Hex/Ice        0%         N/A       91%         2
 Passwall                 Tmut/Erth      0%         N/A       91%         2
 Gell's Gravitas          Tloc           0%         N/A       99%         3
 Swiftness                Air            0%         N/A       99%         3
 Teleport Other           Tloc           0%         N/A       99%         3
 Dispersal                Tloc           0%         N/A       100%        6


Dungeon Overview and Level Annotations

Branches:
Dungeon (4/15)
 Temple: D:4-7

Altars:

Annotations:
D:4 Pikel


Innate Abilities, Weirdness & Mutations

You are too large for most types of armour.
You have claws for hands.
Your natural rate of healing is unusually fast.
You are covered in fur. (AC +1)
You have tough skin. (AC +1)


Message History

You are too injured to fight recklessly!
You are too injured to fight recklessly!
You are too injured to fight recklessly!
You are too injured to fight recklessly!
You are too injured to fight recklessly!
You are too injured to fight recklessly!
You are too injured to fight recklessly!
You are too injured to fight recklessly!
You are too injured to fight recklessly!
You are too injured to fight recklessly!
You are too injured to fight recklessly!
You are too injured to fight recklessly!
You are too injured to fight recklessly!
You are too injured to fight recklessly!
You are too injured to fight recklessly!
You are too injured to fight recklessly!
You scratch Pikel.
Pikel is lightly wounded.
The giant cockroach bites you but does no damage.
Pikel closely misses you. The lemure closely misses you.
You scratch Pikel but do no damage.
Pikel is lightly wounded.
The giant cockroach bites you but does no damage.
Pikel misses you. The lemure hits you but does no damage. The lemure hits you.
The giant cockroach bites you but does no damage.
You claw Pikel!
Pikel is heavily wounded.
Pikel hits you with a +2 whip of freezing!
* * * LOW HITPOINT WARNING * * *
Pikel freezes you.
* * * LOW HITPOINT WARNING * * *
The lemure completely misses you. The giant cockroach closely misses you.
You barely miss Pikel.
Pikel is heavily wounded.
Pikel hits you with a +2 whip of freezing.
* * * LOW HITPOINT WARNING * * *
Pikel freezes you.
* * * LOW HITPOINT WARNING * * *
The lemure hits you.
You die...

#. . ###. ....#.##
......####
.##.#.....#####
.......5..#....
......5K5...####
#.B@5......#
#........#.
#......#.# #.
#)#......# #...
#.##.##....... #...#
#.##.# .##.###
#...#####.##.. .. #
#.........#####.##
#####...###..........


You could see Pikel, 4 lemures and a giant cockroach.

Vanquished Creatures
  Sigmund (D:2)
  3 gnolls (D:4)
  3 adders
  2 orcs (D:3)
  6 endoplasms
  A giant cockroach (D:1)
  13 goblins
  7 hobgoblins
  4 jackals (D:1)
  2 kobolds
  3 quokkas
  2 ball pythons
  8 bats
  5 rats
60 creatures vanquished.

Notes
Turn   | Place    | Note
-------+----------+-------------------------------------------
     0 | D:1      | purpskrrrp the Troll Fighter began the quest for the Orb.
     0 | D:1      | Reached XP level 1. HP: 22/22 MP: 0/0
    46 | D:1      | Reached XP level 2. HP: 29/29 MP: 1/1
   109 | D:1      | Reached skill level 3 in Unarmed Combat
   429 | D:1      | Reached XP level 3. HP: 36/36 MP: 2/2
   667 | D:2      | Noticed Sigmund
   673 | D:2      | Killed Sigmund
   674 | D:2      | Reached skill level 5 in Unarmed Combat
   674 | D:2      | Reached XP level 4. HP: 32/44 MP: 3/3
   674 | D:2      | Reached XP level 5. HP: 37/50 MP: 4/4
  1003 | D:2      | Reached skill level 6 in Unarmed Combat
  1880 | D:4      | Reached XP level 6. HP: 50/59 MP: 5/5
  1934 | D:4      | Noticed Pikel
  1945 | D:4      | HP: 2/59 [Pikel/+2 whip of freezing (2)]
  1945 | D:4      | Slain by a lemure

Illustrated notes

Levels and vault maps discovered:
D:1:      elethiomel_arrival_quiet, layout_basic
D:2:      layout_loops_corners, uniq_sigmund
D:3:      kennysheep_the_goblin_king, layout_rooms, serial_rivers,
          chequers_serial_rivers_micro_b, chequers_serial_rivers_micro_c,
          chequers_serial_rivers_large_b, chequers_serial_rivers_micro_a,
          dk_noncrumbling_4, minmay_misc_feat_hallway
D:4:      layout_loops_cross, serial_bayou_crossing, uniq_pikel

Skill      XL: |  1  2  3  4  5 |
---------------+----------------+-----
Unarmed Combat | 3 5 6 |  6.4
Fighting       | |  2.4
Dodging        | |  2.4
Shields        | |  2.6

Action                   |  1- 3 |  4- 6 || total
-------------------------+-------+-------++-------
Melee: Unarmed           |    90 |    68 ||   158
  Use: Scroll            |       |     5 ||     5
 Stab: Sleeping          |       |     1 ||     1
Armor: Robe              |    32 |    29 ||    61
Dodge: Dodged            |    42 |    32 ||    74
Block: Kite shield       |    29 |    35 ||    64

Table legend: (Time is in decaauts)
 A = Elapsed time spent in this place.
 B = Non-inter-level travel time spent in this place.
 C = Inter-level travel time spent in this place.
 D = Time resting spent in this place.
 E = Time spent auto-exploring this place.
 F = Levels seen in this place.
 G = Mean time per level.
                   A        B        C        D        E       F      G
               +--------+--------+--------+--------+--------+-----+--------+
         Total |   1982 |   1898 |     84 |      0 |   1488 |   4 |  495.5 |
       Dungeon |   1982 |   1898 |     84 |      0 |   1488 |   4 |  495.5 |
               +--------+--------+--------+--------+--------+-----+--------+

Top non-repeatable levels by time:
     D:2: 839 daAuts
     D:3: 582 daAuts
     D:1: 486 daAuts
     D:4: 74 daAuts
